 Dungeon Crawl Stone Soup version 0.27.1-15-g792fb953b9 (webtiles) character file.

Game seed: 2522968423833801432

7 pkoi the Slasher (level 1, -1/18 HPs)
             Began as a Minotaur Gladiator on Nov 19, 2021.
             Slain by a gnoll (7 damage)
             ... on level 1 of the Dungeon.
             The game lasted 00:00:13 (168 turns).

pkoi the Slasher (Minotaur Gladiator)                Turns: 168, Time: 00:00:14

Health: -1/18      AC:  3    Str: 18    XL:     1   Next: 83%
Magic:  0/0        EV: 12    Int:  5    God:
Gold:   0          SH:  0    Dex: 11    Spells: 0/0 levels left

rFire    . . .     SeeInvis .   a - +0 long sword
rCold    . . .     Faith    .   (no shield)
rNeg     . . .     Spirit   .   b - +0 leather armour
rPois    .         Reflect  .   c - +0 hat
rElec    .         Harm     .   (no cloak)
rCorr    .         Rampage  .   (no gloves)
Will     .....                  (no boots)
Stlth    +.........             (no amulet)
HPRegen  0.06/turn              (no ring)
MPRegen  0.07/turn              (no ring)

@: no status effects
A: horns 2, retaliatory headbutt
a: no special abilities


You were on level 1 of the Dungeon.
You visited 1 branch of the dungeon, and saw 1 of its levels.

Inventory:

Hand Weapons
 a - a +0 long sword (weapon)
Missiles
 d - 3 throwing nets (quivered)
Armour
 b - a +0 leather armour (worn)
 c - a +0 hat (worn)


   Skills:
 + Level 2.6 Fighting
 * Level 3.9 Long Blades
 + Level 2.1 Throwing
 + Level 0.5 Armour
 - Level 3.2 Dodging


You couldn't memorise any spells.
You didn't know any spells.
Your spell library was empty.

Dungeon Overview and Level Annotations

Branches:
Dungeon (1/15)

Altars:


Innate Abilities, Weirdness & Mutations

You have a pair of horns on your head.
You reflexively headbutt those who attack you in melee.


Message History

A giant cockroach comes into view.
A giant cockroach is nearby!
A giant cockroach is nearby!
A giant cockroach is nearby!
A goblin comes into view. It is wielding a +0 dagger.
Found a robe.
The goblin shouts!
You hear a shout!
The giant cockroach closely misses you.
You slash the giant cockroach!
You kill the giant cockroach!
A gnoll comes into view. It is wielding a +0 spear.
A jackal comes into view. x3
The jackal barks!
You hear an angry hiss.
You barely miss the goblin.
The jackal barks!
You headbutt the goblin.
You kill the goblin!
The gnoll misses you. You furiously retaliate!
You headbutt the gnoll.
An endoplasm comes into view.
You completely miss the gnoll. You headbutt the gnoll.
The gnoll is severely wounded.
A jackal comes into view.
The jackal closely misses you.
You riposte.
You barely miss the jackal. The jackal closely misses you.
The gnoll hits you with a +0 spear.
A ball python comes into view.
You closely miss the gnoll.
The ball python hisses angrily.
The jackal barks!
Your headbutt misses the gnoll.
The gnoll is heavily wounded.
The jackal barely misses you.
You riposte.
You closely miss the jackal. The jackal closely misses you.
The jackal bites you. The gnoll closely misses you.
You riposte.
You closely miss the gnoll.
The gnoll is heavily wounded.
The jackal bites you. x2
* * * LOW HITPOINT WARNING * * *
The jackal bites you but does no damage.
The jackal bites you.
* * * LOW HITPOINT WARNING * * *
The gnoll hits you from afar with a +0 spear!
You die...

..............>.......
........#....#'######
.....#######.#.#
.....# #.#.# .....#
#.#†######### ##.....
#.#.......... #....
#.#.#####.... ...
#.......[....
###.#@h..h...
#.#.h...... ..
#.#gh...S.. ..
#+##.##.... ... J. ##.
... ... .. .... ....#
##...


You could see a gnoll, an endoplasm, 4 jackals and a ball python.

Vanquished Creatures
  A giant cockroach (D:1)
  A goblin (D:1)
  2 hobgoblins (D:1)
  A bat (D:1)
  A kobold (D:1)
6 creatures vanquished.

Notes
Turn   | Place    | Note
-------+----------+-------------------------------------------
     0 | D:1      | pkoi the Minotaur Gladiator began the quest for the Orb.
     0 | D:1      | Reached XP level 1. HP: 18/18 MP: 0/0
   168 | D:1      | Slain by a gnoll

Illustrated notes

Levels and vault maps discovered:
D:1:      minmay_arrival_four_circles, layout_basic,
          hellmonk_ecumenical_altar_run_dry

Action                   || total
-------------------------++-------
Melee: Long sword        ||     8
       Headbutt          ||     3
Armor: Leather armour    ||     3
Dodge: Dodged            ||    11
       Rpst.: Long sword ||     5
